 Dungeon Crawl Stone Soup version 0.18.1-48-g4cf74bf (webtiles) character file.

7093 nikopol the Cleaver (level 10, -11/136 HPs)
             Began as a Minotaur Berserker on Aug 28, 2016.
             Was a High Priest of Trog.
             Mangled by a red ugly thing (18 damage)
             ... on level 11 of the Dungeon.
             The game lasted 00:22:22 (11136 turns).

nikopol the Cleaver (Minotaur Berserker)           Turns: 11136, Time: 00:22:22

Health: -11/136    AC:  5    Str: 27    XL:     10   Next: 84%
Magic:  9/9        EV: 19    Int:  4    God:    Trog [*****.]
Gold:   518        SH:  0    Dex: 13    Spells: 0 memorised, 9 levels left

rFire  . . .     SeeInvis +     a - +2 war axe (elec)
rCold  . . .     Gourm    +     g - +0 ring mail
rNeg   . . .     Faith    .     (no shield)
rPois  .         Spirit   .     (helmet restricted)
rElec  .         Dismiss  .     L - +0 cloak
rCorr  .         Reflect  .     p - +0 pair of gloves
SustAt .         Harm     .     (no boots)
MR     .....                    y - amulet of the gourmand
Stlth  ..........               x - +3 ring of evasion
                                u - ring of see invisible

@: berserking, corroded, very quick, not resistant to hostile enchantments,
extremely unstealthy
A: retaliatory headbutt, horns 2
a: Berserk, Trog's Hand, Brothers in Arms, Burn Spellbooks, Renounce Religion


You were on level 11 of the Dungeon.
You worshipped Trog.
Trog was extremely pleased with you.
You were completely stuffed.

You visited 1 branch of the dungeon, and saw 11 of its levels.

You collected 518 gold pieces.

Inventory:

Hand Weapons
 a - a +2 war axe of electrocution (weapon)
 z - a +4 longbow of evasion
 Q - a +1 shortbow of flaming
Missiles
 i - 62 arrows (quivered)
Armour
 g - a +0 ring mail (worn)
 p - a +0 pair of gloves (worn)
 L - a +0 cloak (worn)
Jewellery
 u - a ring of see invisible (left hand)
 x - a +3 ring of evasion (right hand)
 y - an amulet of the gourmand (around neck)
 P - a +4 ring of protection {unknown}
Wands
 l - a wand of random effects (14/48)
 J - a wand of paralysis (8/24)
 N - a wand of random effects (7/48)
 R - a wand of slowing (20/48)
Scrolls
 b - 4 scrolls of identify
 j - 2 scrolls of remove curse
 k - 2 scrolls of teleportation {unknown}
 m - 2 scrolls of fear {unknown}
 n - 2 scrolls of blinking
 s - a scroll of random uselessness {unknown}
 C - a scroll of enchant weapon {unknown}
 D - 2 scrolls of torment {unknown}
 E - a scroll of magic mapping {unknown}
 F - a scroll of recharging {unknown}
 G - 2 scrolls of amnesia {unknown}
 H - a scroll of immolation {unknown}
 K - 3 scrolls of silence {unknown}
Potions
 d - 2 potions of haste
 e - 7 potions of curing
 f - 2 potions of brilliance
 h - a potion of ambrosia {unknown}
 q - 2 potions of might {unknown}
 r - a potion of degeneration {unknown}
 v - 4 potions of flight {unknown}
 A - 2 potions of heal wounds
 B - a potion of mutation {unknown}
 M - a potion of invisibility {unknown}
 O - a potion of cancellation {unknown}
Books
 w - a book of Dreams

   Spells                             Type                      Level
   a - Ensorcelled Hibernation        Hexes/Ice                    2
   b - Silence                        Hexes/Air                    5
   c - Darkness                       Hexes                        6
   d - Shadow Creatures               Summoning                    6
   Trog disapproves of the use of such an item.
Comestibles
 c - 5 bread rations
 o - 5 meat rations
 t - 47 fruits
 I - a beef jerky
 S - 5 chunks of flesh


   Skills:
 + Level 9.2 Fighting
 * Level 10.7 Axes
 * Level 7.0 Bows
 + Level 9.2 Armour
 + Level 8.8 Dodging


You had 9 spell levels left.
You didn't know any spells.

Dungeon Overview and Level Annotations

Branches:
Dungeon (11/15)            Temple (0/1) D:4             Orc (0/2) D:10
   Lair: D:8-11

Altars:
Cheibriados
Kikubaaqudgha
Makhleb
Okawaru
Pakellas
Qazlal
Trog

Shops:
D:10 ?


Innate Abilities, Weirdness & Mutations

You reflexively headbutt those who attack you in melee.
You have a pair of horns on your head.


Message History

You are too injured to fight recklessly!
You are too injured to fight recklessly!
You are too injured to fight recklessly!
You are too injured to fight recklessly!
You closely miss the red ugly thing.
The red ugly thing is moderately wounded.
You hit the orc warrior.
There is a sudden explosion of sparks!
You kill the orc warrior!
Trog accepts your kill.
The orc priest calls down the wrath of Beogh upon you.
Beogh smites you!
* * * LOW HITPOINT WARNING * * *
The red ugly thing closely misses you. You furiously retaliate!
You headbutt the red ugly thing! You hit the red ugly thing.
There is a sudden explosion of sparks!
The red ugly thing is heavily wounded.
The red ugly thing engulfs you.
* * * LOW HITPOINT WARNING * * *
You are engulfed in flames!!
You die...

.... ..>#
#...###..#
#...#E#...
#...###(.#
........(########
.._....(........#
......ou.##.....#
#@###.....#
#..##..#<.#
..###..##..####
.............#
.............#
.............#
##.###..#...##
..# ####...# .#
.#..#


You could see a red ugly thing, a water elemental and an orc priest.

Vanquished Creatures
  A tengu warrior (D:10)
  An orc knight (D:10)
  An ugly thing (D:11)
  A steam dragon (D:10)
  Edmund (D:6)
  3 ice beasts
  7 orc warriors
  A sky beast (D:6)
  A necrophage (D:6)
  3 phantoms
  3 ogres
  5 centaurs
  5 giant frogs
  4 scorpions
  The ghost of nikopol the Chopper, a weakling MiBe of Trog (D:4)
  18 killer bees
  7 wights
  2 electric eels (D:10)
  2 howler monkeys
  4 crimson imps
  A centaur zombie (D:5)
  14 orc priests
  5 hounds
  9 orc wizards
  A centaur skeleton (D:9)
  Crazy Yiuf (D:3)
  A giant frog skeleton (D:4)
  A gnoll shaman (D:3)
  5 iguanas
  5 worker ants
  A hound skeleton (D:4)
  2 worker ant zombies
  4 gnolls (D:3)
  9 adders
  A worm (D:2)
  3 dart slugs
  11 giant geckos
  48 orcs
  2 ball pythons
  2 giant cockroaches
  13 goblins
  12 hobgoblins
  8 jackals
  5 kobolds
  5 quokkas
  4 bats
  4 giant newts
  A jackal skeleton (D:9)
  6 rats
255 creatures vanquished.

Vanquished Creatures (others)
  3 plants (D:10)
3 creatures vanquished.

Grand Total: 258 creatures vanquished

Notes
Turn   | Place    | Note
--------------------------------------------------------------
     0 | D:1      | nikopol the Minotaur Berserker began the quest for the Orb.
     0 | D:1      | Reached XP level 1. HP: 19/19 MP: 0/0
    77 | D:1      | Reached XP level 2. HP: 19/27 MP: 1/1
   382 | D:1      | Reached skill level 4 in Axes
   388 | D:1      | Reached XP level 3. HP: 31/33 MP: 2/2
   558 | D:2      | Reached ** piety under Trog
   809 | D:2      | Found a burning altar of Makhleb.
   813 | D:2      | Reached XP level 4. HP: 37/41 MP: 3/3
   917 | D:2      | Found an iron altar of Okawaru.
   931 | D:2      | Found an oddly glowing altar of Pakellas.
  1073 | D:2      | Found a bloodstained altar of Trog.
  1503 | D:3      | Reached XP level 5. HP: 32/47 MP: 4/4
  2187 | D:3      | Reached *** piety under Trog
  2187 | D:3      | Reached skill level 5 in Fighting
  2192 | D:3      | Reached skill level 5 in Axes
  2207 | D:3      | Reached XP level 6. HP: 11/56 MP: 5/5
  2554 | D:3      | Noticed Crazy Yiuf
  2559 | D:3      | Killed Crazy Yiuf
  2896 | D:4      | Reached skill level 5 in Armour
  2896 | D:4      | Reached XP level 7. HP: 14/62 MP: 6/6
  3040 | D:4      | Found a bloodstained altar of Trog.
  3361 | D:4      | Noticed nikopol's ghost (weakling MiBe)
  3373 | D:4      | Killed nikopol's ghost
  3373 | D:4      | Reached skill level 5 in Dodging
  3630 | D:4      | Found a burning altar of Makhleb.
  3763 | D:4      | Found a staircase to the Ecumenical Temple.
  4019 | D:5      | Entered Level 5 of the Dungeon
  4049 | D:5      | Reached skill level 6 in Axes
  4328 | D:5      | Found an ancient bone altar of Kikubaaqudgha.
  4499 | D:5      | Found a snail-covered altar of Cheibriados.
  4527 | D:5      | Reached XP level 8. HP: 71/71 MP: 7/7
  5213 | D:6      | Noticed Edmund
  5292 | D:6      | Reached skill level 7 in Axes
  5292 | D:6      | Reached **** piety under Trog
  5605 | D:6      | Killed Edmund
  6749 | D:6      | Reached skill level 8 in Axes
  6749 | D:6      | Reached XP level 9. HP: 81/81 MP: 8/8
  6883 | D:7      | Reached skill level 1 in Bows
  8357 | D:9      | Reached ***** piety under Trog
  8377 | D:9      | Reached skill level 9 in Axes
  8736 | D:9      | Reached XP level 10. HP: 85/90 MP: 9/9
  9025 | D:10     | Entered Level 10 of the Dungeon
  9311 | D:10     | Reached skill level 5 in Bows
  9373 | D:10     | Received a gift from Trog
  9587 | D:10     | Found Xuk Yvvye's Magic Scroll Shop.
 10117 | D:10     | Reached skill level 10 in Axes
 10489 | D:10     | Noticed an orc knight
 10500 | D:10     | Killed an orc knight
 10708 | D:10     | Found a staircase to the Orcish Mines.
 10824 | D:10     | Noticed a tengu warrior
 10841 | D:10     | Killed a tengu warrior
 11123 | D:11     | Noticed a brown ugly thing
 11126 | D:11     | Noticed a red ugly thing
 11130 | D:11     | Killed a brown ugly thing
 11132 | D:11     | Found a stormy altar of Qazlal.
 11136 | D:11     | Mangled by a red ugly thing

Skill      XL: |  1  2  3  4  5  6  7  8  9 10 |
---------------+-------------------------------+-----
Fighting       | 4 5 6 7 8 9 |  9.2
Axes           | 4 5 6 8 9 10 | 10.7
Armour         | 3 4 5 7 8 9 |  9.2
Dodging        | 3 4 5 6 7 8 |  8.8
Bows           | 4 7 |  7.0

Action                   |  1- 3 |  4- 6 |  7- 9 | 10-12 || total
-------------------------+-------+-------+-------+-------++-------
Melee: Hand axe          |    61 |   117 |   179 |       ||   357
       Headbutt          |    11 |    22 |    49 |    10 ||    92
       Broad axe         |       |       |    41 |       ||    41
       War axe           |       |       |    31 |    75 ||   106
 Fire: Shortbow          |       |       |   128 |    71 ||   199
       Longbow           |       |       |       |    44 ||    44
Invok: Berserk           |       |     2 |     3 |     2 ||     7
  Use: Scroll            |       |       |     8 |       ||     8
  Eat: Chunk             |       |    19 |    22 |     9 ||    50
Armor: Ring mail         |     5 |    36 |    88 |    28 ||   157
Dodge: Dodged            |    31 |    94 |   244 |   122 ||   491
